AoeStats
← CovidBryan

Lombardia

510273026Analyzed
2v2 RM · 2d ago on Sep 30, 2026· 48m 48s· 4 players
Game mode
Random Map
Map size
Medium (4 player)
Population
200
Speed
Normal
Resources
Standard
Victory
Conquest
Starting age
Dark Age
Ending age
Imperial Age
RankedLock teamsTeams togetherTeam positionsShared explorationLock speedFull tech treeHidden civsTurbo modeCheats
Victory
Defeat
🇨🇦 Mongols · Canada
1310
+12
🇨🇳 Khmer · China
1211
+17
🇪🇸 Vietnamese · Spain
1230
-15
🇪🇸 Bulgarians · Spain
1208
-14
sergiwhitehouse
6:51 Loom
9:45 Feudal Age
13:40 Double-Bit Axe
14:25 Gold Mining
20:34 Castle Age
18:42 Horse Collar
19:13 Fletching
19:23 Padded Archer Armor
20:48 Crossbowman
23:00 Bow Saw
23:50 Bodkin Arrow
24:10 Leather Archer Armor
24:53 Ballistics
25:49 Thumb Ring
26:28 Stone Mining
29:16 Stone Shaft Mining
31:12 Wheelbarrow
37:21 Hand Cart
40:35 Imperial Age
40:42 Arbalester
42:29 Chemistry
41:37 Bracer
42:08 Ring Archer Armor
41:20 Elite Skirmisher
42:06 Imperial Skirmisher
45:38 Two-Man Saw
CovidBryan
7:30 Loom
10:06 Feudal Age
12:20 Double-Bit Axe
20:56 Castle Age
18:40 Horse Collar
20:25 Bloodlines
20:23 Scale Barding Armor
20:29 Forging
22:28 Gold Mining
23:26 Iron Casting
24:05 Chain Barding Armor
31:56 Husbandry
35:29 Pikeman
36:16 Scale Mail Armor
39:29 Chain Mail Armor
44:03 Imperial Age
44:26 Cavalier
46:38 Plate Barding Armor
47:03 Blast Furnace
45:57 Halberdier
Jaha
8:50 Feudal Age
9:29 Double-Bit Axe
11:45 Bloodlines
11:48 Forging
12:32 Scale Barding Armor
14:04 Horse Collar
14:46 Town Watch
23:00 Castle Age
21:24 Gold Mining
22:04 Fletching
22:18 Padded Archer Armor
23:34 Wheelbarrow
24:13 Bow Saw
24:47 Bodkin Arrow
25:21 Husbandry
26:18 Ballistics
28:31 Leather Archer Armor
28:27 Loom
31:28 Thumb Ring
35:01 Elite Skirmisher
37:40 Stone Mining
38:48 Hand Cart
45:05 Imperial Age
43:28 Nomads
46:09 Drill
46:09 Conscription
45:13 Capped Ram
45:43 Onager
49:38 Parthian Tactics
伐伐伐伐伐木工
2:32 Loom
11:12 Feudal Age
18:59 Castle Age
18:07 Bloodlines
19:50 Double-Bit Axe
19:49 Horse Collar
20:01 Gold Mining
20:25 Husbandry
20:59 Light Cavalry
26:36 Wheelbarrow
26:35 Forging
27:23 Scale Barding Armor
29:42 Iron Casting
30:08 Chain Barding Armor
34:43 Imperial Age
33:44 Heavy Plow
34:03 Bow Saw
36:40 Blast Furnace
36:16 Crop Rotation
39:13 Gold Shaft Mining
38:29 Stone Mining
39:37 Fervor
41:20 Plate Barding Armor
41:04 Elite Battle Elephant
45:35 Conscription
46:19 Chemistry
45:41 Fletching
Connection lost

Rejoining the realm…

Still unreachable

The connection could not be restored.

Session expired

The server has moved on; the page needs a fresh start.